AoeStats
← Zoltub

Arabia

507901358Analyzed
1v1 RM · 12d ago on Sep 20, 2026· 77m 19s· 2 players
Game mode
Random Map
Map size
Tiny (2 player)
Population
200
Speed
Normal
Resources
Standard
Victory
Conquest
Starting age
Dark Age
Ending age
Imperial Age
RankedLock teamsTeams togetherTeam positionsShared explorationLock speedFull tech treeHidden civsTurbo modeCheats
Victory
Defeat
🇺🇸 Persians · United States
901
+16
🇹🇼 Spanish · Taiwan
907
-16
Zoltub
0:35 Loom
11:34 Feudal Age
15:37 Wheelbarrow
16:40 Man-at-Arms
17:37 Arson
19:49 Horse Collar
24:10 Double-Bit Axe
28:50 Castle Age
28:44 Pikeman
31:58 Gold Mining
33:18 Hand Cart
39:14 Long Swordsman
39:47 Fletching
40:10 Forging
40:01 Scale Mail Armor
41:23 Light Cavalry
46:22 Imperial Age
47:32 Ballistics
48:14 Chemistry
46:38 Elite Skirmisher
48:05 Capped Ram
50:17 Hussar
57:00 Conscription
60:17 Thumb Ring
63:59 Halberdier
65:26 Bow Saw
66:00 Gold Shaft Mining
68:08 Elite War Elephant
69:49 Iron Casting
爽貓欠電
10:00 Feudal Age
10:28 Double-Bit Axe
12:45 Loom
20:12 Castle Age
18:36 Stone Mining
21:23 Bow Saw
22:03 Gold Mining
39:18 Stone Shaft Mining
41:23 Imperial Age
40:23 Wheelbarrow
39:55 Town Watch
41:43 Sanctity
41:51 Horse Collar
43:20 Conscription
56:29 Ballistics
57:53 Supremacy
59:24 Bloodlines
59:18 Husbandry
64:13 Forging
64:08 Scale Barding Armor
64:26 Light Cavalry
66:42 Iron Casting
66:27 Chain Barding Armor
66:17 Heavy Plow
66:42 Pikeman
67:23 Squires
69:56 Blast Furnace
70:37 Hussar
Connection lost

Rejoining the realm…

Still unreachable

The connection could not be restored.

Session expired

The server has moved on; the page needs a fresh start.